 Dungeon Crawl Stone Soup version 0.31.0-11-ge490571c62 (webtiles) character file.

Game seed: 6074588068279476635

74 gelatine the Trooper (level 4, -1/35 HPs)
             Began as a Demonspawn Fighter on Jan 26, 2024.
             Killed from afar by Grinder (7 damage)
             ... with a puff of flame
             ... on level 3 of the Dungeon.
             The game lasted 00:03:04 (1264 turns).

gelatine the Trooper (Demonspawn Fighter)           Turns: 1264, Time: 00:03:06

Health: -1/35      AC:  9    Str: 18    XL:     4   Next: 9%
Magic:  4/4        EV:  9    Int:  9    God:
Gold:   32         SH:  4    Dex: 12    Spells: 3/3 levels left

rFire   . . .        a - +0 war axe
rCold   . . .        c - +0 buckler
rNeg    . . .        b - +0 scale mail
rPois   +            (helmet restricted)
rElec   .            (no cloak)
rCorr   .            h - +2 pair of gloves
SInv    .            (no boots)
Will    .....        j - amulet of the acrobat Stlth
                     f - ring of poison resistance
HPRegen 0.25/turn    (no ring)
MPRegen 0.09/turn

%: acrobat
@: no status effects
A: horns 1, weakness stinger 1
a: no special abilities


You were on level 3 of the Dungeon.
You visited 1 branch of the dungeon, and saw 3 of its levels.

You collected 80 gold pieces.
You spent 48 gold pieces at shops.

Inventory:

Hand Weapons
 a - a +0 war axe (weapon)
Missiles
 g - 2 javelins (quivered)
Armour
 b - a +0 scale mail (worn)
 c - a +0 buckler (worn)
 h - a +2 pair of gloves (worn)
Magical Staves
 i - a staff of conjuration
Jewellery
 f - a ring of poison resistance (left hand)
 j - an amulet of the acrobat (around neck)
Talismans
 m - a blade talisman
Scrolls
 n - a scroll of blinking
Potions
 d - a potion of might
 k - a potion of mutation


   Skills:
 + Level 3.3 Fighting
 + Level 3.0 Axes
 + Level 3.1 Armour
 * Level 0.1 Dodging
 + Level 3.0 Shields
 * Level 0.1 Unarmed Combat


You had 3 spell levels left.
You didn't know any spells.
Your spell library was empty.

Dungeon Overview and Level Annotations

Branches:
Dungeon (3/15)

Altars:
Makhleb

Shops:
D:2 ?

Annotations:
D:3 Grinder


Innate Abilities, Weirdness & Mutations

You have a pair of small horns on your head.
You have a small tail.


Message History

Done exploring.
Search for what [? for help]? talisman You see here an adder corpse.
There is a stone staircase leading down here.
You climb downwards.
The ball python hisses angrily.
The frilled lizard hisses angrily.
Found a stone staircase leading up.
There is a stone staircase leading up here.
The frilled lizard closely misses you.
You slash the frilled lizard!
You kill the frilled lizard!
You miss the frilled lizard.
Your tail-slap misses the frilled lizard.
You block the frilled lizard's attack.
You slash the frilled lizard!
You kill the frilled lizard!
You slash the ball python!
You kill the ball python!
Found a stone staircase leading down.
Found a ring mail.
There is a stone staircase leading down here.
Grinder comes into view.
She is carrying a wand of flame.
Grinder shouts!
Grinder zaps a wand.
The puff of flame hits you.
You see here a wand of quicksilver (4).
Grinder zaps a wand.
The puff of flame hits you. Grinder gestures at you.
Pain shoots through your body!
You hit Grinder but do no damage. Grinder barely misses you.
Grinder closely misses you.
You slash Grinder!
Grinder is moderately wounded.
Grinder hits you but does no damage.
You hit Grinder.
Your tail-slap misses Grinder.
Grinder is moderately wounded.
Grinder zaps a wand.
The puff of flame hits you!
* * * LOW HITPOINT WARNING * * *
Grinder zaps a wand.
The puff of flame hits you!
You die...
Grinder says, "Hey, I wasn't done torturing you yet!"

#..≈.# #..≈.##
#..≈.. ...≈≈
#... #..#
#5.####
#######@....###
...............
#######.....##.
#.#[#.# #/#.# #
#.#.# #>..#
#..##
#######..## #


You could see Grinder.

Vanquished Creatures
  4 adders (D:2)
  A dart slug (D:1)
  4 endoplasms
  A giant cockroach (D:2)
  3 hobgoblins (D:1)
  3 kobolds (D:1)
  A quokka (D:2)
  10 ball pythons
  A bat (D:1)
  6 frilled lizards
  5 rats
39 creatures vanquished.

Notes
Turn   | Place    | Note
-------+----------+-------------------------------------------
     0 | D:1      | gelatine the Demonspawn Fighter began the quest for the
                  | Orb.
     0 | D:1      | Reached XP level 1. HP: 18/18 MP: 1/1
   134 | D:1      | Discovered your monstrous ancestry.
   134 | D:1      | Gained mutation: You have a small tail. [demonic ancestry]
   134 | D:1      | Reached XP level 2. HP: 24/24 MP: 2/2
   771 | D:2      | Gained mutation: You have a pair of small horns on your
                  | head. [demonic ancestry]
   771 | D:2      | Reached XP level 3. HP: 29/29 MP: 3/3
   948 | D:2      | Found a burning altar of Makhleb.
  1116 | D:2      | Found Siqul Emp's Magic Scroll Boutique.
  1123 | D:2      | Reached XP level 4. HP: 35/35 MP: 4/4
  1130 | D:2      | Bought a scroll of identify for 24 gold pieces
  1130 | D:2      | Bought a scroll of identify for 24 gold pieces
  1257 | D:3      | Noticed Grinder
  1264 | D:3      | Killed from afar by Grinder

Illustrated notes

Levels and vault maps discovered:
D:1:      eino_arrival_water_star, layout_basic
D:2:      layout_loops_ring, basic_altar, serial_shops, shop
D:3:      layout_loops_ring, nicolae_overflow_squiral, chequers_mini_garden,
          uniq_grinder

Skill      XL: |  1  2  3 |
---------------+----------+-----
Armour         | 3 |  3.1
Axes           | 2 3 |  3.0
Shields        | 3 |  3.0
Fighting       | |  3.3
Dodging        | |  0.1
Unarmed Combat | |  0.1

Action                     |  1- 3 |  4- 6 || total
---------------------------+-------+-------++-------
  Melee: War axe           |    86 |     6 ||    92
         Tailslap          |     8 |       ||     8
         Headbutt          |     3 |       ||     3
    Use: Scroll            |       |     3 ||     3
 Armour: Scale mail        |    48 |     5 ||    53
  Dodge: Dodged            |    51 |     3 ||    54
  Block: Buckler           |    24 |     1 ||    25
